Map: Flooded City

Players

Odin

  • Race: Protoss Protoss
  • League: Gold
  • Spawn Location: 6:00

A.I. 1 (Elite)

  • Race: Zerg Zerg
  • Spawn Location: 6:00

A.I. 2 (Elite)

  • Race: Terran Terran
  • Spawn Location: 12:00

keyser

  • Race: Terran Terran
  • League: Gold
  • Spawn Location: 12:00

VOD

Have the link to the VOD?

Description

Time

  • Played on: Dec. 16, 2018, 8:39 a.m.
  • Length: 14:46
Show
View Real Time Build Order
Export as new Build Order

Odin Protoss 

Build Orders:  

Get SALT Encoding   

  12  0:01  Probe  
  13  0:13  Probe  
  14  0:19  Pylon  
  14  0:25  Probe  
  15  0:37  Probe  
  15  0:42  Gateway  
  16  0:47  Probe  
  17  0:55  Probe  
  17  0:58  Assimilator  
  17  1:01  Assimilator  
  17  1:03  Probe  
  19  1:19  Probe  
  20  1:33  Cybernetics Core  
  20  1:38  Gateway  
  20  1:41  Pylon  
  20  1:43  Probe  
  21  1:55  Probe  
  22  2:06  Warp Gate  
  22  2:07  Probe  
  23  2:19  Probe  
  24  2:31  Probe  
  24  2:35  Stalker x2  
  30  2:51  Gateway  
  29  2:56  Gateway  
  29  3:25  Stalker  
  31  3:31  Pylon x2  
  31  3:33  Pylon  
  31  3:45  Stalker  
  31  3:52  Stalker x2  
  35  3:58  Twilight Council  
  35  4:25  Stalker, Blink  
  35  4:26  Stalker  
  39  4:56  Stalker x3  
  39  4:57  Stalker  
  47  5:03  Probe  
  48  5:19  Assimilator, Stalker  
  48  5:20  Nexus, Stalker x2  
  54  5:28  Shield Battery  
  54  5:32  Pylon  
  54  5:55  Stalker x2  
  54  5:56  Stalker  
  60  5:59  Stalker  
  60  6:18  Stalker  
  62  6:44  Stalker x4  
  28  8:16  Probe  
  29  8:22  Stalker x4  
  35  8:45  Stalker x4  
  43  8:54  Charge  
  43  8:55  Robotics Facility  
  43  8:59  Robotics Facility  
  43  9:06  Probe x2  
  45  9:18  Stargate  
  45  9:19  Stalker x4  
  53  9:33  Immortal  
  53  9:36  Immortal  
  61  10:03  Nexus  
  61  10:05  Oracle  
  64  10:22  Warp Prism  
  64  10:23  Observer  
  67  10:47  Immortal  
  71  10:53  Robotics Bay  
  71  11:43  Colossus x2  
  83  11:55  Zealot  
  83  11:56  Zealot x3  
  91  12:02  Pylon  
  91  12:06  Pylon  
  71  12:29  Zealot x4  
  42  12:58  Zealot x4  
  36  13:19  Zealot x4  
  44  13:22  Colossus x2  
  48  13:41  Probe x2  
  48  13:44  Probe  
  51  13:53  Probe x2  
  53  13:56  Probe  
  54  14:05  Probe x2, Zealot x2  
  54  14:06  Zealot x2  
  64  14:17  Probe  
  64  14:18  Probe  
  64  14:22  Sentry x2  
  76  14:29  Probe  
Show
View Real Time Build Order
Export as new Build Order

A.I. 1 (Elite) Zerg 

Build Orders: Pool First 

Get SALT Encoding   

  12  0:01  Drone  
  13  0:12  Drone  
  14  0:18  Overlord  
  14  0:37  Spawning Pool  
  14  0:39  Extractor  
  14  0:40  Drone  
  13  0:45  Drone  
  13  0:49  Drone  
  15  1:26  Queen, Zergling x6  
  20  1:37  Zergling x2  
  21  1:47  Zergling x2  
  22  1:59  Overlord  
  22  2:17  Zergling x2  
  22  2:20  Zergling x2  
  24  2:30  Zergling x2  
  24  2:33  Zergling x6  
  28  2:42  Zergling x2, Metabolic Boost  
  29  2:53  Drone  
  30  3:05  Overlord  
  30  3:23  Drone x3  
  33  3:28  Roach Warren  
  33  3:33  Drone  
  33  3:40  Overlord  
  33  3:52  Lair  
  28  4:11  Roach  
  28  4:15  Roach  
  29  4:20  Roach  
  31  4:25  Roach  
  31  4:29  Roach  
  34  4:33  Drone  
  34  4:37  Drone  
  36  4:40  Drone  
  36  4:42  Drone  
  38  4:50  Overlord  
  38  4:52  Hydralisk Den  
  37  4:53  Drone  
  38  5:09  Extractor  
  38  5:10  Drone  
  38  5:17  Roach x2  
  38  5:19  Infestation Pit  
  41  5:23  Drone  
  42  5:32  Drone x2  
  44  5:37  Hatchery  
  43  5:49  Hydralisk  
  45  5:55  Hydralisk  
  45  5:56  Infestor  
  49  6:01  Overlord  
  49  6:08  Hydralisk  
  51  6:12  Drone  
  51  6:15  Drone  
  53  6:33  Infestor, Zergling x2  
  53  6:34  Overlord  
  56  6:44  Roach  
  56  6:46  Zergling x2  
  61  6:47  Roach  
  61  6:49  Zergling x2  
  61  6:51  Drone  
  63  6:57  Drone  
  63  7:00  Drone  
  65  7:06  Drone  
  66  7:11  Drone  
  64  7:17  Drone  
  64  7:19  Drone x2, Overseer  
  64  7:21  Drone  
  58  7:24  Roach  
  58  7:28  Drone  
  61  7:32  Drone  
  62  7:39  Drone  
  62  7:43  Drone  
  63  7:50  Zergling x2  
  63  7:51  Overlord, Zergling x2  
  65  7:52  Extractor  
  65  7:53  Zergling x2  
  65  7:59  Hatchery  
  65  8:02  Roach  
  65  8:04  Roach  
  68  8:12  Roach  
  69  8:15  Roach  
  70  8:21  Baneling Nest, Zergling x2  
  70  8:22  Zergling x2, Drone  
  70  8:23  Drone  
  70  8:25  Drone  
  64  8:34  Drone  
  64  8:36  Drone  
  60  8:44  Hydralisk  
  60  8:46  Hydralisk  
  62  8:53  Infestor, Drone  
  62  8:54  Zergling x2  
  66  8:56  Overlord  
  66  8:58  Drone  
  67  9:05  Baneling, Overseer  
  67  9:07  Drone  
  67  9:08  Drone  
  69  9:10  Drone  
  70  9:17  Baneling  
  70  9:18  Drone  
  70  9:19  Drone  
  70  9:21  Drone  
  70  9:23  Baneling  
  73  9:25  Overlord, Zergling x2, Baneling x2  
  73  9:26  Roach  
  73  9:29  Infestor  
  73  9:30  Drone  
  79  9:32  Zergling x2  
  80  9:39  Baneling x2  
  80  9:40  Drone x2  
  80  9:41  Extractor  
  80  9:42  Extractor, Drone  
  81  9:47  Baneling x2  
  81  9:48  Baneling  
  81  9:49  Baneling x2  
  81  9:50  Baneling  
  81  9:51  Zergling x2, Drone  
  83  9:53  Drone  
  83  9:57  Zergling x2  
  83  9:58  Extractor, Zergling x4  
  86  10:02  Centrifical Hooks, Zergling x4  
  86  10:04  Zergling x2  
  89  10:12  Overlord  
  89  10:13  Evolution Chamber, Zergling x2  
  89  10:15  Drone  
  90  10:22  Evolution Chamber  
  90  10:23  Hydralisk  
  90  10:24  Zergling x2  
  90  10:25  Roach  
  94  10:28  Evolution Chamber  
  94  10:29  Baneling, Drone  
  94  10:30  Roach, Baneling, Drone  
  94  10:34  Overlord  
  98  10:35  Drone  
  98  10:36  Drone  
  98  10:39  Zerg Ground Armor Level 1  
  99  10:43  Baneling  
  99  10:45  Baneling, Drone  
  99  10:46  Drone  
  99  10:47  Drone  
  99  10:48  Zerg Melee Weapons Level 1  
  102  10:52  Baneling  
  102  10:54  Zerg Missile Weapons Level 1  
  102  10:55  Overlord  
  102  10:56  Baneling x2  
  103  10:57  Drone x2  
  103  11:00  Ravager x2, Drone  
  103  11:01  Roach, Zergling x2  
  110  11:07  Zergling x2  
  110  11:08  Roach, Drone  
  114  11:17  Overlord  
  114  11:19  Drone x2  
  114  11:22  Glial Reconstitution  
  114  11:23  Baneling  
  115  11:27  Pneumatized Carapace  
  115  11:28  Roach  
  115  11:30  Roach, Zergling x2  
  120  11:33  Zergling x2  
  120  11:34  Spine Crawler, Hydralisk  
  120  11:35  Overlord  
  120  11:37  Spine Crawler  
  120  11:38  Drone  
  122  11:40  Drone  
  122  11:41  Infestor  
  125  11:49  Infestor  
  125  11:51  Roach  
  125  11:53  Roach  
  131  12:00  Overlord  
  131  12:02  Roach  
  131  12:03  Queen, Spine Crawler  
  131  12:05  Zergling x2, Baneling  
  131  12:06  Spine Crawler, Zergling x2  
  131  12:07  Zergling x2  
  119  12:10  Drone  
  119  12:13  Hive  
  119  12:14  Zergling x2  
  97  12:16  Zergling x2  
  97  12:21  Roach  
  87  12:23  Hydralisk  
  87  12:26  Hydralisk  
  87  12:30  Baneling  
  87  12:31  Hydralisk, Baneling  
  87  12:33  Hydralisk  
  87  12:36  Zergling x2, Baneling  
  92  12:37  Zergling x4  
  92  12:39  Zergling x2  
  92  12:43  Roach  
  83  12:45  Roach  
  83  12:50  Roach  
  85  12:53  Hydralisk, Overseer  
  85  12:55  Drone  
  86  13:00  Baneling  
  76  13:07  Roach  
  76  13:09  Zergling x2  
  76  13:10  Zergling x2  
  73  13:14  Roach  
  73  13:17  Roach  
  66  13:21  Hydralisk  
  68  13:31  Hatchery  
  68  13:33  Hydralisk  
  67  13:34  Hydralisk, Drone  
  67  13:35  Ultralisk Cavern, Drone  
  67  13:36  Drone  
  67  13:39  Zergling x2, Drone  
  67  13:40  Drone  
  76  13:43  Drone  
  76  13:44  Drone  
  76  13:46  Zergling x2  
  76  13:48  Zergling x2  
  80  13:50  Zergling x2  
  79  13:58  Zergling x2  
  79  14:00  Zergling x2  
  39  14:29  Drone  
  46  14:34  Drone  
Show
View Real Time Build Order
Export as new Build Order

A.I. 2 (Elite) Terran 

Build Orders:  

Get SALT Encoding   

  12  0:01  SCV  
  13  0:13  SCV  
  14  0:20  Supply Depot  
  14  0:25  SCV  
  15  0:42  SCV  
  16  0:45  Barracks  
  16  0:47  Refinery  
  16  0:54  SCV  
  17  1:04  Barracks  
  17  1:06  SCV  
  18  1:18  SCV  
  19  1:33  Marine  
  19  1:34  Orbital Command  
  20  1:47  Barracks  
  20  1:51  Marine x2  
  22  2:02  Supply Depot  
  22  2:04  SCV  
  23  2:09  Barracks Tech Lab  
  23  2:11  Barracks Tech Lab  
  23  2:24  SCV  
  23  2:26  Marine  
  23  2:29  Marine  
  26  2:31  Stimpack  
  26  2:34  Concussive Shells, Marine  
  27  2:41  Supply Depot  
  27  2:45  Marine  
  27  2:46  Marine  
  29  2:52  Marine, SCV  
  31  3:03  Marauder  
  31  3:05  Marauder  
  35  3:10  Marine  
  35  3:11  Supply Depot  
  36  3:18  SCV  
  36  3:24  Marine  
  36  3:25  Combat Shield  
  36  3:26  Marine  
  38  3:28  Marine  
  38  3:33  SCV  
  40  3:36  Supply Depot  
  40  3:47  Refinery  
  40  3:58  SCV  
  40  4:02  Factory  
  39  4:10  SCV  
  39  4:11  Marine  
  39  4:13  Marine  
  30  4:17  Marine  
  30  4:22  SCV  
  32  4:29  Marine  
  32  4:31  Marine  
  33  4:35  Marine  
  35  4:47  Marine  
  35  4:49  Marauder, Starport  
  38  4:53  Marine  
  39  5:05  Marauder, Engineering Bay  
  41  5:10  Marine  
  41  5:13  Command Center  
  42  5:27  Marauder  
  46  5:28  Marauder  
  46  5:31  Terran Infantry Weapons Level 1  
  46  5:41  Supply Depot  
  46  5:48  Marauder  
  50  5:50  Marauder  
  50  5:58  Engineering Bay  
  50  5:59  Barracks Reactor  
  50  6:10  Marauder  
  50  6:11  Marine  
  53  6:22  Supply Depot  
  53  6:24  Terran Infantry Armor Level 1  
  54  6:25  SCV  
  54  6:26  SCV  
  54  6:29  Marauder  
  54  6:31  Marauder  
  59  6:37  SCV  
  60  6:42  SCV  
  61  6:49  SCV  
  61  6:50  Marauder  
  61  6:52  Marauder  
  61  6:54  SCV  
  67  7:02  SCV  
  67  7:06  SCV  
  69  7:12  Marine, Marauder  
  69  7:14  Marauder, SCV  
  69  7:15  Marine  
  70  7:18  SCV  
  50  7:26  SCV  
  50  7:29  Marine  
  47  7:30  SCV  
  47  7:32  Marine  
  47  7:33  Marine  
  47  7:35  Marauder  
  49  7:38  SCV  
  49  7:42  SCV  
  48  7:47  Marine  
  48  7:50  Marine, SCV  
  47  7:53  Marine  
  47  7:54  SCV  
  47  7:58  Marine  
  50  8:05  Marine, SCV  
  49  8:08  Marine  
  49  8:11  Marine  
  50  8:16  Marine  
  50  8:19  Unknown  
  49  8:23  Marine  
  49  8:26  Marauder  
  47  8:29  Marine  
  47  8:33  Marine  
  42  8:41  Marine  
  43  8:46  SCV  
  43  8:47  Marine  
  43  8:48  Marauder  
  47  8:51  Marine  
  48  8:58  Marine  
  49  9:04  SCV  
  49  9:06  SCV  
  49  9:09  Marauder  
  52  9:14  Marauder  
  52  9:16  SCV  
  55  9:18  SCV  
  55  9:22  Marine  
  57  9:24  Marine  
  57  9:31  Marauder  
  60  9:35  Marauder  
  62  9:48  Marine x2, Factory Tech Lab  
  62  9:52  Marauder  
  66  9:57  Marauder  
  68  10:06  Siege Tank  
  71  10:13  Marauder  
  73  10:18  Marauder  
  73  10:21  Supply Depot  
  75  10:25  Armory  
  75  10:34  Orbital Command  
  75  10:38  Missile Turret, Siege Tank  
  78  10:43  Medivac  
  78  10:46  Missile Turret  
  78  10:47  Barracks  
  80  10:52  Marine  
  80  10:54  Command Center, Supply Depot  
  81  11:10  Marine, Siege Tank  
  85  11:14  Terran Infantry Weapons Level 2  
  85  11:15  Starport Reactor  
  85  11:19  Marauder  
  85  11:24  Supply Depot  
  85  11:28  Marauder  
  87  11:41  Marauder  
  87  11:43  Siege Tank  
  92  11:49  Marauder  
  92  11:51  Supply Depot, Medivac  
  92  11:53  Command Center  
  96  12:03  Marauder  
  96  12:08  Marine  
  84  12:11  Marauder  
  84  12:15  Marine, Widow Mine  
  70  12:16  Marine, Factory  
  59  12:24  Marine  
  59  12:28  Marine  
  61  12:32  Marine  
  61  12:33  Marine  
  61  12:36  Hellion  
  65  12:42  Marauder  
  67  12:50  Marauder  
  69  12:54  Marine  
  69  12:57  Viking, Siege Tank  
  74  13:00  Hellion  
  74  13:03  Marine  
  74  13:05  Marine  
  73  13:06  SCV  
  73  13:08  SCV  
  73  13:10  Marine  
  73  13:13  SCV  
  73  13:18  SCV  
  73  13:20  SCV  
  73  13:22  Factory Tech Lab  
  73  13:25  SCV  
  70  13:30  SCV, Siege Tank  
  70  13:33  SCV  
  69  13:38  SCV  
  69  13:40  Refinery, Hellion  
  72  13:41  Refinery  
  72  13:42  SCV  
  73  13:50  Marauder x2  
  73  13:53  Factory  
  77  13:58  Marine  
  77  14:00  Marine  
  77  14:01  Hellion  
  77  14:02  Siege Tank  
  84  14:05  Command Center  
  84  14:11  Marauder x2  
  84  14:12  SCV  
  84  14:13  SCV  
  93  14:34  Refinery  
  93  14:35  Refinery  
Show
View Real Time Build Order
Export as new Build Order

keyser Terran 

Build Orders: Liberator Opening 

Get SALT Encoding   

  12  0:01  SCV  
  13  0:15  Supply Depot  
  13  0:18  SCV  
  14  0:30  SCV  
  15  0:39  Barracks  
  15  0:47  Refinery  
  15  0:48  SCV  
  16  1:00  SCV  
  17  1:12  SCV  
  18  1:23  Refinery  
  18  1:25  SCV  
  19  1:31  Marine  
  20  1:44  Orbital Command  
  20  1:48  Factory  
  20  1:49  Marine  
  21  2:07  Marine  
  22  2:10  SCV  
  23  2:37  Starport  
  23  2:45  Factory Tech Lab, Supply Depot  
  23  2:57  SCV  
  24  2:58  Barracks Reactor  
  24  3:04  Liberator  
  24  3:08  Command Center, Supply Depot  
  27  3:35  Siege Tank  
  30  3:55  Marine  
  30  3:56  Marine  
  32  4:04  Medivac  
  32  4:07  Siege Tank  
  37  4:28  Marine x2  
  39  4:37  Refinery  
  39  4:46  Marine x2  
  39  4:47  SCV  
  39  4:50  Orbital Command  
  42  4:59  SCV  
  43  5:04  Marine x2  
  45  5:09  Starport Tech Lab  
  45  5:11  SCV  
  46  5:21  SCV  
  46  5:22  Marine  
  46  5:23  SCV  
  49  5:29  Supply Depot  
  49  5:33  SCV, Supply Depot  
  49  5:35  SCV  
  51  5:39  Refinery  
  51  5:45  SCV  
  51  5:47  SCV  
  53  5:57  Marine x2  
  53  5:58  SCV  
  53  5:59  SCV  
  57  6:10  SCV  
  58  6:11  SCV  
  59  6:22  SCV  
  57  6:41  Siege Tank  
  60  6:53  SCV  
  61  7:02  Marine x2  
  61  7:05  Command Center, SCV  
  56  7:13  Siege Tank  
  56  7:20  Marine x2  
  56  7:38  Marine x2  
  58  7:46  Siege Tank  
  58  7:49  Barracks  
  58  7:50  Barracks  
  61  7:56  Marine x2  
  63  8:14  Marine x2  
  63  8:18  Siege Tank  
  63  8:19  Orbital Command  
  68  8:25  Starport Reactor  
  68  8:30  Barracks  
  68  8:31  Marine  
  68  8:32  Marine  
  70  8:38  Barracks  
  70  8:40  Barracks  
  68  8:50  Siege Tank  
  68  8:51  Orbital Command  
  68  8:53  Marine x2  
  74  8:56  Barracks Tech Lab  
  74  8:58  Barracks Reactor  
  73  9:04  Medivac x2  
  77  9:17  SCV  
  77  9:18  SCV x2  
  77  9:22  Marine x3, Siege Tank  
  77  9:23  Marine  
  87  9:24  Combat Shield  
  87  9:26  Stimpack  
  87  9:28  Barracks Reactor x2  
  87  9:30  SCV  
  88  9:33  Marine x2  
  88  9:34  Medivac  
  92  9:40  Marine x4, Medivac  
  92  9:43  Supply Depot  
  92  9:44  Supply Depot  
  98  9:51  Marine x2  
  100  9:58  Marine  
  101  10:03  Engineering Bay  
  101  10:04  Marine x3, Command Center, Siege Tank, Medivac  
  101  10:05  Supply Depot  
  109  10:07  Supply Depot  
  109  10:09  Marine x2  
  109  10:10  Medivac  
  109  10:14  Marine x4  
  117  10:27  Marine x5, SCV x3  
  125  10:29  Marine  
  125  10:31  Marine  
  125  10:32  Marine x2  
  125  10:34  Medivac, Engineering Bay  
  131  10:36  Siege Tank  
  131  10:39  SCV  
  131  10:40  Medivac  
  137  10:44  Marine  
  138  10:50  Marine x4  
  138  10:52  Marine x5  
  138  10:55  SCV x2  
  149  11:04  Medivac  
  149  11:08  SCV, Siege Tank  
  149  11:09  SCV x2  
  157  11:15  Medivac  
  157  11:17  Planetary Fortress  
  159  11:34  Medivac  
  159  11:35  Marine x6  
  159  11:37  Marine x4  
  171  11:50  Supply Depot  
  171  11:52  Marine  
  171  11:53  Supply Depot x2  
  172  11:57  Supply Depot, Terran Infantry Weapons Level 1  
  172  11:58  Marine x3, Terran Infantry Armor Level 1, Siege Tank, Medivac  
  180  12:03  Armory  
  180  12:06  Marine x2  
  170  12:11  Unknown x2  
  170  12:12  Unknown  
  170  12:15  Refinery  
  150  12:16  Refinery  
  146  12:30  Siege Tank  
  148  12:49  Marine x7  
  148  12:50  Marine x3  
  149  13:01  Viking x2  
  149  13:02  Siege Tank  
  155  13:06  Marine  
  155  13:07  Marine x5  
  155  13:08  Marine x4  
  165  13:24  Marine x2  
  165  13:25  Marine x4  
  165  13:26  Marine x3, SCV x3  
  177  13:28  Refinery  
  177  13:29  Refinery  
  177  13:31  Viking x2  
  181  13:34  Siege Tank  
  184  14:00  Viking  
  184  14:01  Viking  
  188  14:06  Siege Tank  
  190  14:15  Marine x5  
  190  14:16  Marine x4  
Tags
 
Add a new tag
Caveats
  • Supply blocks, unpowered buildings, or Contaminate may cause inaccurate times.
  • Supply counts are checked every 10 seconds.